 Dungeon Crawl Stone Soup version 0.26-a0-64-g059e62fbdb (webtiles) character file.

Game seed: 4494981792100701294

761 JohnDoe161 the Skirmisher (level 7, -2/58 HPs)
             Began as a Demonspawn Gladiator on June 9, 2020.
             Was a Follower of Cheibriados.
             Engulfed by a steam dragon's steam (6 damage)
             ... on level 5 of the Dungeon.
             The game lasted 00:25:29 (5454 turns).

JohnDoe161 the Skirmisher (Demonspawn Gladiator)    Turns: 5454, Time: 00:25:29

Health: -2/58      AC: 11    Str: 18    XL:     7   Next: 51%
Magic:  7/7        EV:  9    Int: 12    God:    Cheibriados [*.....]
Gold:   221        SH:  0    Dex: 16    Spells: 6/6 levels left

rFire    . . .     SeeInvis .   v - +0 spear
rCold    . . .     Gourm    .   (no shield)
rNeg     . . .     Faith    .   w - +0 chain mail
rPois    .         Spirit   .   c - +0 helmet
rElec    .         Reflect  .   (no cloak)
rCorr    .         Harm     .   (no gloves)
MR       .....                  (no boots)
Stlth    ..........             (no amulet)
HPRegen  0.19/turn              (no ring)
MPRegen  0.10/turn              (no ring)

@: very slow
A: spiny 1
a: Bend Time, Renounce Religion


You were on level 5 of the Dungeon.
You worshipped Cheibriados.
Cheibriados was aware of your devotion.
You were not hungry.

You visited 2 branches of the dungeon, and saw 6 of its levels.

You collected 221 gold pieces.

Inventory:

Hand Weapons
 a - a +1 long sword
 s - a +2 flail of draining
 v - a +0 spear (weapon)
Missiles
 d - 4 throwing nets
 i - 4 javelins (quivered)
Armour
 c - a +0 helmet (worn)
 w - a +0 chain mail (worn)
Wands
 q - a wand of digging (3)
Potions
 j - a potion of magic {unknown}
 k - a potion of brilliance {unknown}
 l - a potion of heal wounds {unknown}
 m - a potion of stabbing {unknown}
 p - a potion of might {unknown}
 t - a potion of berserk rage {unknown}
 u - a potion of lignification {unknown}
Comestibles
 f - 6 rations


   Skills:
 * Level 6.2 Fighting
 - Level 2.8 Long Blades
 - Level 1.8 Throwing
 * Level 5.0 Armour
 - Level 2.8 Dodging


You had 6 spell levels left.
You didn't know any spells.
Your spell library was empty.

Dungeon Overview and Level Annotations

Branches:
Dungeon (5/15)             Temple (1/1) D:4

Altars:
Ashenzari
Cheibriados
Elyvilon
Gozag
Hepliaklqana
Makhleb
Okawaru
Ru
Vehumet
Xom
Yredelemnul
Zin


Innate Abilities, Weirdness & Mutations

You are partially covered in sharp spines.


Message History

You hit the steam dragon but do no damage.
The steam dragon is moderately wounded.
The steam dragon bites you but does no damage.
The steam dragon claws you but does no damage.
You barely miss the steam dragon.
The steam dragon is moderately wounded.
The steam dragon breathes steam at you. The ball of steam hits you!
You hear a shout!
You are too injured to fight recklessly!
You hit the steam dragon but do no damage.
The steam dragon is moderately wounded.
You are engulfed in a cloud of scalding steam.
The steam dragon bites you! The steam dragon barely misses you.
You are engulfed in a cloud of scalding steam.
The steam dragon breathes steam at you. The ball of steam hits you!!
* * * LOW HITPOINT WARNING * * *
You are engulfed in a cloud of scalding steam.
You die...

#..##########
#..##..##
#..'....#....##.
#..#....#.!.....
#..##..##.D....
##+##..##§...#
#..##..#.....###
#§§#...#§.§.....
#§§@§D(#........
#§.#..Z#.§§.....
#..#...'........
#..##..##+#####.
#..###+# #>..#
#...# #...#
#...#


You could see a steam dragon (catching breath) and an adder zombie.

Vanquished Creatures
  A black bear (D:5)
  An ogre (D:4)
  A crimson imp (D:4)
  2 hounds (D:4)
  2 orc priests
  6 orc wizards
  A worker ant zombie (D:2)
  6 gnolls
  7 adders
  An ooze (D:1)
  3 adder skeletons (D:4)
  6 worms
  3 dart slugs
  A leopard gecko (D:5)
  24 orcs
  9 bats
  2 giant cockroaches (D:2)
  11 goblins
  6 hobgoblins
  6 kobolds
  3 quokkas
  4 ball pythons
  4 frilled lizards
  A quokka skeleton (D:4)
  4 rats
115 creatures vanquished.

Notes
Turn   | Place    | Note
-------+----------+-------------------------------------------
     0 | D:1      | JohnDoe161 the Demonspawn Gladiator began the quest for the
                  | Orb.
     0 | D:1      | Reached XP level 1. HP: 16/16 MP: 1/1
   226 | D:1      | Gained mutation: You are partially covered in sharp spines.
                  | [demonic ancestry]
   226 | D:1      | Reached XP level 2. HP: 20/22 MP: 2/2
  1137 | D:2      | Reached skill level 1 in Armour
  1137 | D:2      | Reached XP level 3. HP: 28/28 MP: 3/3
  1146 | D:1      | Reached skill level 3 in Fighting
  1474 | D:2      | Reached XP level 4. HP: 33/35 MP: 4/4
  1697 | D:2      | Found a shimmering altar of Xom.
  1725 | D:2      | Found a shattered altar of Ashenzari.
  1725 | D:2      | Found an opulent altar of Gozag.
  1939 | D:2      | Found a basalt altar of Yredelemnul.
  2423 | D:3      | Reached XP level 5. HP: 25/42 MP: 5/5
  2629 | D:2      | Reached skill level 4 in Fighting
  3107 | D:3      | Reached XP level 6. HP: 39/49 MP: 6/6
  3573 | D:3      | Found an iron altar of Okawaru.
  3904 | D:3      | Reached skill level 5 in Fighting
  4055 | D:4      | Found a staircase to the Ecumenical Temple.
  4060 | Temple   | Entered the Ecumenical Temple
  4114 | Temple   | Became a worshipper of Cheibriados the Contemplative
  4645 | D:4      | Found a burning altar of Makhleb.
  4645 | D:4      | Found a radiant altar of Vehumet.
  4658 | D:4      | Reached XP level 7. HP: 52/56 MP: 7/7
  4877 | D:5      | Entered Level 5 of the Dungeon
  5372 | D:5      | Reached * piety under Cheibriados
  5372 | D:5      | Reached skill level 6 in Fighting
  5372 | D:5      | Reached skill level 5 in Armour
  5437 | D:5      | Noticed a steam dragon
  5454 | D:5      | Engulfed by a steam dragon's steam

Illustrated notes

Levels and vault maps discovered:
D:1:      psy_arrival_dodecagon, layout_loops_cross, minmay_misc_feat_square,
          st_stairs_1
D:2:      layout_loops_ring, lemuel_crystal_altar,
          gammafunk_temple_overflow_pools, chequers_serial_rivers_small_3,
          corexii_corridor_pit, brannock_xom_greatest_gift
D:3:      layout_rooms, okawaru_ov_weapons_minmay, first_ration
D:4:      layout_rooms, grunt_temple_overflow_lords_of_destruction,
          temple_doors_e
D:5:      layout_gridville, lemuel_coloured_pillars_altar,
          overflow_temple_1_default
Temple:   minmay_temple_curvy_loop

Skill      XL: |  1  2  3  4  5  6  7 |
---------------+----------------------+-----
Armour         | 1 2 3 4 5 |  5.0
Fighting       | 3 4 5 6 |  6.2
Long Blades    | |  2.8
Throwing       | |  1.8
Dodging        | |  2.8

Action                   |  1- 3 |  4- 6 |  7- 9 || total
-------------------------+-------+-------+-------++-------
Melee: Long sword        |    52 |   139 |       ||   191
       Spear             |       |    83 |    65 ||   148
Throw: Javelin           |     4 |       |     3 ||     7
  Use: Scroll            |       |       |     7 ||     7
  Eat: Ration            |     1 |       |       ||     1
       Chunk             |       |     9 |     3 ||    12
Armor: Leather armour    |     6 |       |       ||     6
       Ring mail         |     9 |    30 |       ||    39
       Scale mail        |       |    43 |       ||    43
       Chain mail        |       |    29 |    35 ||    64
Dodge: Dodged            |    41 |   117 |    27 ||   185
       Rpst.: Long sword |    15 |    21 |       ||    36

Table legend:
 A = Non-vault XP
 B = Vault XP
 C = Vault XP percentage of total XP
 D = Non-vault monster count
 E = Vault monster count
 F = Vault count percentage of total count
                 A         B        C        D         E       F
            +---------+---------+-------+---------+---------+-------
      Total |    1032 |      56 |   5.1 |     112 |       3 |   2.6
            +---------+---------+-------+---------+---------+-------
        D:1 |      39 |       6 |  13.3 |      12 |       2 |  14.3
        D:2 |     189 |       0 |   0.0 |      36 |       0 |   0.0
        D:3 |     319 |       0 |   0.0 |      33 |       0 |   0.0
        D:4 |     295 |      50 |  14.5 |      22 |       1 |   4.3
        D:5 |     190 |       0 |   0.0 |       9 |       0 |   0.0
            +---------+---------+-------+---------+---------+-------
